 Dungeon Crawl Stone Soup version 0.28.0-45-g0d030f2227 (webtiles) character file.

Game seed: 16568378512289545907

314 DuloT34 the Changer (level 6, 0/51 HPs)
             Began as a Naga Transmuter on Apr 20, 2022.
             Slain by Grinder (7 damage)
             ... on level 4 of the Dungeon.
             The game lasted 00:13:55 (4151 turns).

DuloT34 the Changer (Naga Transmuter)               Turns: 4151, Time: 00:13:55

Health: 0/51       AC:  2    Str: 12    XL:     6   Next: 43%
Magic:  4/9        EV: 18    Int: 16    God:
Gold:   147        SH:  0    Dex: 16    Spells: 3/9 levels left

rFire   . . .      SeeInvis +     - Unarmed
rCold   . . .      Faith    .   (shield currently unavailable)
rNeg    . . .      Spirit   .   (armour currently unavailable)
rPois   x          Reflect  .   (helmet currently unavailable)
rElec   .          Harm     .   (cloak currently unavailable)
rCorr   .          Rampage  .   (gloves currently unavailable)
Will    .....                   (no barding)
Stlth   +.........              (no amulet)
HPRegen 0.17/turn               (no ring)
MPRegen 0.11/turn               (no ring)

@: spider-form, wereblooded
A: venomous fangs, AC +2, tiny, see invisible, (deformed body), (poison
resistance), (slowness 2), spit poison 1, (naga tail 1)
a: Spit Poison, End Transformation


You were on level 4 of the Dungeon.
You were a venomous arachnid creature.
You visited 1 branch of the dungeon, and saw 4 of its levels.

You collected 147 gold pieces.

Inventory:

Hand Weapons
 h - the +7 flail of Valiance (melded) {vamp, Dex+4}
   (You found it on level 3 of the Dungeon)

   It occasionally heals its wielder for a portion of the damage dealt when it
   wounds a living foe.
   Dex:       It affects your dexterity (+4).
Armour
 a - a +0 robe (melded)
 k - a +0 pair of gloves (melded)
Jewellery
 c - an amulet of reflection
Scrolls
 b - a scroll of vulnerability
 d - 3 scrolls of identify
 e - a scroll of magic mapping
 g - a scroll of teleportation
 n - a scroll of fog {unknown}
Potions
 f - 3 potions of degeneration {unknown}
 i - a potion of heal wounds {unknown}
 j - a potion of curing {unknown}
 l - a potion of lignification {unknown}
 m - a potion of mutation {unknown}


   Skills:
 - Level 1.0 Fighting
 - Level 1.5 Dodging
 - Level 3.0 Unarmed Combat
 - Level 2.0 Spellcasting
 + Level 6.6 Transmutations


You had 3 spell levels left.
You knew the following spells:

 Your Spells              Type           Power      Damage    Failure   Level
a - Beastly Appendage     Tmut           44%        N/A       6%          1
b - Wereblood             Tmut           22%        N/A       8%          2
c - Spider Form           Tmut/Pois      12%        N/A       34%         3

Your spell library contained the following spells:

 Spells                   Type           Power      Damage    Failure   Level
 Ice Form                 Ice/Tmut       12%        N/A       69%         4


Dungeon Overview and Level Annotations

Branches:
Dungeon (4/15)
 Temple: D:4-7

Altars:

Annotations:
D:4 Grinder


Innate Abilities, Weirdness & Mutations

You are a venomous arachnid creature.
You have poisonous fangs.
You are tiny and dextrous.
Your spellcasting is less reliable in this form.
Your armour is entirely melded.
You are incapable of wielding weapons or throwing items.
((Your serpentine skin is tough. (AC +2)))
You have supernaturally acute eyesight. (SInv)
((Armour fits poorly on your strangely shaped body.))
((Your system is resistant to poisons. (rPois)))
((You cover ground very slowly.))
You can spit poison.
((You have a snake-like lower body.))


Message History

Your horns disappear.
You turn into a venomous arachnid creature.
The +7 flail of Valiance {vamp, Dex+4} melds into your body.
Your +0 pair of gloves melds into your body.
Your +0 robe melds into your body.
You feel the dreadful sensation subside.
The orc misses you. Grinder hits you.
You hit Grinder but do no damage.
Grinder is lightly wounded.
The orc completely misses you. Grinder closely misses you.
Okay, then.
Unknown command.
You hit Grinder but do no damage.
Grinder is lightly wounded.
The orc hits you with a +0 hand axe of freezing.
The orc freezes you. Grinder closely misses you.
You hit Grinder.
Grinder is moderately wounded.
You hit Grinder.
Grinder is poisoned.
Grinder is moderately wounded.
Grinder blinks!
The orc hits you with a +0 hand axe of freezing.
The orc freezes you.
You barely miss Grinder.
Grinder is heavily wounded.
The orc hits you with a +0 hand axe of freezing.
* * * LOW HITPOINT WARNING * * *
The orc freezes you.
* * * LOW HITPOINT WARNING * * *
Grinder hits you.
* * * LOW HITPOINT WARNING * * *
You hit Grinder.
Grinder is heavily wounded.
The orc barely misses you. Grinder gestures at you.
You resist with some effort.
You hit Grinder.
Grinder is severely wounded.
The orc misses you. Grinder hits you!
You die...

#......... #......... #
.......o. ##.##
....o.<..
.....##...5.... ########
#...........o. #.......
#.#......... #.......
#.#.#############.......
#...ooos5...............
#.#..############.......
#>.......... ...........
####.#.####. ##......###
#.#.# #......##. #.#.#
##......##. #.#.##
........... #....##
##......##.
#######..######......##'


You could see Grinder (very poisoned) and 3 orcs.

Vanquished Creatures
  A black bear (D:4)
  A bullfrog skeleton (D:4)
  An orc priest (D:4)
  2 orc wizards (D:3)
  4 adders
  A worm (D:4)
  5 dart slugs
  6 orcs
  A ball python (D:1)
  4 endoplasms
  5 giant cockroaches
  4 goblins
  5 hobgoblins
  9 kobolds
  A quokka (D:4)
  6 bats
  2 frilled lizards
  6 rats
64 creatures vanquished.

Notes
Turn   | Place    | Note
-------+----------+-------------------------------------------
     0 | D:1      | DuloT34 the Naga Transmuter began the quest for the Orb.
     0 | D:1      | Reached XP level 1. HP: 18/18 MP: 3/3
   260 | D:1      | Reached XP level 2. HP: 13/25 MP: 3/5
   441 | D:1      | Learned a level 2 spell: Wereblood
   589 | D:1      | Reached skill level 3 in Transmutations
  1297 | D:1      | Reached XP level 3. HP: 28/31 MP: 2/6
  2185 | D:2      | Reached skill level 4 in Transmutations
  2509 | D:2      | Reached XP level 4. HP: 37/38 MP: 5/7
  3070 | D:3      | Identified the +7 flail of Valiance {vamp, Dex+4}
  3363 | D:3      | Reached skill level 5 in Transmutations
  3363 | D:3      | Reached XP level 5. HP: 25/44 MP: 4/8
  3744 | D:3      | You fall into a shaft and drop 1 floor!
  3832 | D:4      | Noticed a black bear
  3839 | D:4      | Killed a black bear
  3840 | D:4      | Reached skill level 6 in Transmutations
  3840 | D:4      | Reached XP level 6. HP: 44/51 MP: 7/9
  3844 | D:4      | Learned a level 3 spell: Spider Form
  4131 | D:4      | Noticed Grinder
  4151 | D:4      | Slain by Grinder

Illustrated notes

Levels and vault maps discovered:
D:1:      erik_arrival_blinker_ship, layout_loops_ring
D:2:      layout_basic, lemuel_another_geyser
D:3:      layout_loops_ring, shapermc_ecumenical_altar_pompeii, uniq_natasha
D:4:      cheibrodos_barr_body, layout_basic, mainiacjoe_overflow_24_doors,
          minmay_door_square, feat_on_display, uniq_grinder, uniq_duvessa

Skill      XL: |  1  2  3  4  5 |
---------------+----------------+-----
Transmutations | 3 4 5 6 |  6.6
Fighting       | |  1.0
Dodging        | |  1.5
Unarmed Combat | |  3.0
Spellcasting   | |  2.0

Action                   |  1- 3 |  4- 6 || total
-------------------------+-------+-------++-------
Melee: Unarmed           |   144 |    36 ||   180
       Headbutt          |    12 |    14 ||    26
       Punch             |     1 |     2 ||     3
       Flail             |       |    53 ||    53
 Cast: Beastly Appendage |    27 |    17 ||    44
       Wereblood         |    14 |    13 ||    27
       Spider Form       |       |     1 ||     1
 Abil: Spit Poison       |       |     3 ||     3
  Use: Scroll            |     4 |     1 ||     5
 Stab: Sleeping          |     1 |     1 ||     2
Armor: Robe              |    33 |    19 ||    52
Dodge: Dodged            |    80 |    45 ||   125
